 Dungeon Crawl Stone Soup version 0.27.1-2-g3b301248ec (webtiles) character file.

Game seed: 8375630336619049448

133 pkoi the Chopper (level 4, 0/37 HPs)
             Began as a Minotaur Gladiator on Oct 3, 2021.
             Slain by Natasha (5 damage)
             ... on level 2 of the Dungeon.
             The game lasted 00:01:44 (1677 turns).

pkoi the Chopper (Minotaur Gladiator)               Turns: 1677, Time: 00:01:44

Health: 0/37       AC:  3    Str: 20    XL:     4   Next: 93%
Magic:  3/3        EV: 12    Int:  5    God:
Gold:   65         SH:  0    Dex: 11    Spells: 3/3 levels left

rFire    . . .     SeeInvis .   a - +0 war axe
rCold    . . .     Faith    .   (no shield)
rNeg     . . .     Spirit   .   b - +0 leather armour
rPois    .         Reflect  .   c - +0 hat
rElec    .         Harm     .   (no cloak)
rCorr    .         Rampage  .   (no gloves)
Will     .....                  (no boots)
Stlth    +.........             (no amulet)
HPRegen  0.12/turn              (no ring)
MPRegen  0.08/turn              (no ring)

@: no status effects
A: horns 2, retaliatory headbutt
a: no special abilities


You were on level 2 of the Dungeon.
You visited 1 branch of the dungeon, and saw 2 of its levels.

You collected 65 gold pieces.

Inventory:

Hand Weapons
 a - a +0 war axe (weapon)
Missiles
 d - 3 throwing nets (quivered)
 i - 6 atropa-tipped darts
Armour
 b - a +0 leather armour (worn)
 c - a +0 hat (worn)
Scrolls
 e - a scroll of amnesia {unknown}
 g - 2 scrolls of acquirement {unknown}
 h - 2 scrolls of vulnerability {unknown}
Potions
 f - a potion of lignification {unknown}


   Skills:
 - Level 2.4 Fighting
 + Level 6.9 Axes
 - Level 2.0 Throwing
 - Level 3.2 Dodging


You had 3 spell levels left.
You didn't know any spells.
Your spell library was empty.

Dungeon Overview and Level Annotations

Branches:
Dungeon (2/15)

Altars:

Annotations:
D:2 Natasha


Innate Abilities, Weirdness & Mutations

You have a pair of horns on your head.
You reflexively headbutt those who attack you in melee.


Message History

Natasha hisses.
Natasha claws you. The worm bites you but does no damage. Natasha claws you!
* * * LOW HITPOINT WARNING * * *
Unknown command.
You barely miss Natasha.
Natasha is almost dead.
You barely miss the worm. Natasha barely misses you.
The worm closely misses you.
Unknown command.
You slash Natasha!
You kill Natasha!
Natasha growls in agony!
You hit the worm. You slash the endoplasm!
You kill the endoplasm!
Unknown command.
Unknown command.
You slash the worm!
You kill the worm!
You see here a worm corpse.
Found a stone staircase leading down.
Unknown command.
You see here a worm corpse.
You see here 6 atropa-tipped darts.
i - 6 atropa-tipped darts You start resting.
Natasha, Servant of Life and Death comes into view.
Natasha is nearby!
Natasha is nearby!
Natasha is nearby!
Natasha claws you!
* * * LOW HITPOINT WARNING * * *
You hit Natasha but do no damage. Your headbutt misses Natasha.
Natasha claws you.
* * * LOW HITPOINT WARNING * * *
You closely miss Natasha. Natasha claws you.
* * * LOW HITPOINT WARNING * * *
You slash Natasha!
Natasha is severely wounded.
Natasha claws you.
You die...

#. .## #. ...##. ##
#.. .... .# #.#.##..#
.### #> .....# ... #.
###..###h#
######.##......@.#
.............>.#.####
######.#†.............
#.#.....###.#####
#.##...## .# #. #...#
.# #######.##..#####.#
..................#
##########.########


You could see Natasha.

Vanquished Creatures
  Natasha (twice) (D:2)
  2 adders (D:2)
  A worm (D:2)
  3 dart slugs (D:1)
  8 endoplasms
  2 giant cockroaches (D:1)
  3 goblins (D:1)
  2 hobgoblins (D:1)
  5 jackals (D:1)
  5 kobolds
  A quokka (D:1)
  3 ball pythons
  6 bats (D:1)
  6 frilled lizards (D:1)
  6 rats
55 creatures vanquished.

Notes
Turn   | Place    | Note
-------+----------+-------------------------------------------
     0 | D:1      | pkoi the Minotaur Gladiator began the quest for the Orb.
     0 | D:1      | Reached XP level 1. HP: 18/18 MP: 0/0
     1 | D:1      | Found a runed translucent door.
    69 | D:1      | Reached skill level 4 in Axes
   172 | D:1      | Reached XP level 2. HP: 24/25 MP: 1/1
   184 | D:1      | Found a faded altar of an unknown god.
   476 | D:1      | Reached skill level 5 in Axes
   510 | D:1      | Reached XP level 3. HP: 30/30 MP: 2/2
  1282 | D:2      | Noticed Natasha
  1286 | D:2      | Killed Natasha
  1287 | D:2      | Reached skill level 6 in Axes
  1287 | D:2      | Reached XP level 4. HP: 23/37 MP: 3/3
  1650 | D:2      | Noticed Natasha
  1656 | D:2      | Killed Natasha
  1671 | D:2      | Noticed Natasha
  1677 | D:2      | Slain by Natasha

Illustrated notes

Levels and vault maps discovered:
D:1:      dpeg_arrival_caged_fury, layout_basic, ebering_ecumenical_altar_webs,
          minmay_octomino_e4
D:2:      layout_loops_ring, uniq_terence, uniq_natasha

Skill      XL: |  1  2  3 |
---------------+----------+-----
Axes           | 4 5 6 |  6.9
Fighting       | |  2.4
Throwing       | |  2.0
Dodging        | |  3.2

Action                   |  1- 3 |  4- 6 || total
-------------------------+-------+-------++-------
Melee: War axe           |    68 |    22 ||    90
       Headbutt          |     4 |     1 ||     5
 Stab: Sleeping          |     2 |       ||     2
Armor: Leather armour    |    27 |     5 ||    32
Dodge: Dodged            |    50 |    13 ||    63
